Frag, neutral male human Barbarian -------------------------------------------------------------------------- |.......`|...............................................................| |....[.*.|.................................................------------..| --.----.--...)........)....................................|.........(|..| # |.....[..}}}}}}}....................}}}}}}}..........|.....(....|..| # |......[.}-----}....................}-----}..........--|--|--...|..| # ---........}| |}}}}}}}}}}}}}}}}}}}}}}| |}.................|.(.|..| # |.......)..}--- ----------------------------}.................|...|..| # |.....[....}}}| |......H...|}}}.................-...|..| --.----.[)[[.....}| ....ohkoo%|}...................|...|..| |.....|).........}| |.(..jhChhh@@...................|.(.|..| |....)).....)..}}}| |.(...hhTh%|}}}.................-...|..| |...)[|........}--- ----------------------------}.................|...|..| |).))[|......%.}| |}}}}}}}}}}}}}}}}}}}}}}| |}.................|...|..| |..-)----......}-----}....................}-----}..........--+--|--...|..| |..|.)..|.....[}}}}}}}....................}}}}}}}..........|..........|..| |..|.[^.|..................................................|.(........|..| -----------..............................).................------------..| |..............................................................| ---------------------------------------------------------------- Frag the Barbarian Experience level: 12 Strength: 18/23 Dexterity: 17 Constitution: 19 Intelligence: 7 Wisdom: 6 Charisma: 6 Health: 0(131) Energy: 29(29) Def: 16 Gold: 3687 Moves: 14692 Dungeon seed [set]: Game ID: Frag_1701604111 Your Inventory: Coins $ - 3687 gold pieces Amulets B - an uncursed amulet of ESP W - an uncursed amulet of reflection (being worn) Weapons c - a blessed +4 spear named Spear of Truth P - a blessed +2 dwarvish mattock named Mattock of Virtue (weapon in hands) Z - 19 uncursed +0 darts (in quiver) Armor n - an uncursed +0 pair of elven boots (being worn) r - an uncursed +0 pair of gauntlets of dexterity (being worn) s - a blessed +0 T-shirt (being worn) t - an uncursed +4 shield of reflection u - an uncursed +0 dwarvish mithril-coat (being worn) z - an uncursed +0 alchemy smock (being worn) Y - an uncursed +0 dwarvish iron helm (being worn) Comestibles i - an uncursed C-ration q - 5 uncursed food rations E - an uncursed fortune cookie O - an uncursed lizard corpse Rings b - an uncursed ring of protection from shape changers j - an uncursed ring of free action (on left hand) p - an uncursed ring of levitation (on right hand) A - an uncursed ring of shock resistance V - an uncursed ring of see invisible Wands d - an uncursed wand of teleportation (0:3) x - an uncursed wand of probing (0:3) F - an uncursed wand of sleep (0:5) M - an uncursed wand of light (0:13) X - an uncursed wand of secret door detection (0:13) Tools e - an uncursed sturdy key f - an uncursed towel k - a cursed magic lamp (lit) T - an uncursed sack U - an uncursed blindfold Gems y - a blessed luckstone C - 2 uncursed worthless pieces of black glass N - a blessed touchstone Q - 3 uncursed diamonds Contents of the sack: a [uncursed] scroll of blank paper a [cursed] scroll of enchant weapon a [blessed] scroll of remove curse a [uncursed] scroll of stinking cloud an uncursed potion of extra healing a [cursed] potion of gain energy a [uncursed] potion of gain level 2 [uncursed] potions of hallucination 2 potions of holy water a [uncursed] potion of levitation 2 [blessed] potions of oil 2 [uncursed] potions of oil a [cursed] potion of oil 2 [uncursed] potions of paralysis Spells and supernatural/magical abilities: Name Level Category Fail Memory a - levitation 4 escape 100% 93% W - pray for help -- divine ? -- Your skills at the end: Miscellaneous Skills bare handed combat [Basic] shield [Basic] Weapon Skills axe [Basic] pick-axe [Skilled] two-handed sword [Basic] saber [Skilled] spear [Skilled] Spellcasting Skills Final Attributes: You were piously aligned. You were cold resistant. You were poison resistant. You were acid resistant. Your writing hand was ok. You were levitating. You were protected. You were fast. You had reflection. You had free action. You were very lucky. You had extra luck. Good luck did not time out for you. You are dead. Vanquished creatures: a young gray dragon 3 lieutenants 2 giant mimics an ice troll a large mimic a stalker 12 sergeants a warg a small mimic a warhorse an ogre lord 4 trolls a werebear a large cat a gargoyle a dwarf king a tengu a chameleon 5 giants an elf mummy a human mummy a python a black bear an ettin zombie a leather golem 69 soldiers an incubus a giant beetle 4 wolves 2 winter wolf cubs 4 leprechauns a spotted jelly 2 lizards a mountain nymph an orc-captain 4 giant spiders an iron piercer a horse an ice vortex a forest centaur a gnome king 4 giant eels 2 orc mummies 4 Green-elves an owlbear 2 yetis a gold golem 3 dogs a dingo a jaguar 6 dwarf lords a blue jelly a dust vortex a raven 2 plains centaurs a gnome mummy a Woodland-elf 2 soldier ants a fire ant 3 yellow lights 5 bugbears 3 imps a baby crocodile 2 wood nymphs 22 Uruk-hai an orc shaman 2 rock moles a rock piercer 3 fog clouds 4 violet fungi 16 gnome lords 8 gnomish wizards a kobold mummy a golden naga hatchling 3 gray oozes 8 elf zombies 2 ghouls 16 giant ants a puppy a floating eye a kitten 23 dwarves a homunculus a kobold lord 3 kobold shamans 2 iguanas 9 hill orcs 9 rothes 3 rabid rats 2 centipedes 4 jitterbugs 3 giant bats 2 monkeys 2 wererats 11 killer bees 7 coyotes 5 hobbits 5 acid blobs 4 large kobolds 7 geckos 7 hobgoblins 6 giant rats 3 cave spiders a brown mold 3 yellow molds 5 green molds 5 red molds 57 gnomes 9 garter snakes 6 manes a gnome zombie 14 jackals 2 foxes 9 newts 3 goblins 5 sewer rats 5 grid bugs a bat 8 lichens 534 creatures vanquished. Voluntary challenges: You did not cause conflict. You were not invisible. You were not displaced. You had been an atheist until turn 7639. You donated to temples 2 times (receiving 5 points of protection), starting on turn 13336. You received temple protection 2 times, starting on turn 13336. You used a wielded weapon 1062 times, starting on turn 6. You did not apply a unicorn horn. You did not use plumbed fixtures. You did not drink any magical draughts. You read items or engraved 30 times, starting on turn 776. You never genocided any monsters. You never polymorphed an object. You changed form 1 time, starting on turn 8966. You cheated 4 times but completed Sokoban on turn 6240. You used no wishes. You did not use any artifacts. You never split a pudding. You never wrote Elbereth's name. You violated your moral code, losing 2 points of alignment, starting on turn 3924. Dungeon overview: The Dungeons of Doom: levels 1 to 11 Level 1 a fountain a long staircase Level 2 a general store, a fountain Level 3 some fountains stairs to The Gnomish Mines Level 4 a vault, a potion shop, a fountain Level 5 a vault, a fountain Level 6 a vault, some fountains Level 7 many fountains Level 8 some fountains stairs to Sokoban Level 9 Level 10 a vault, a fountain Level 11 a vault, an altar to Crom portal to Fort Ludios The Gnomish Mines: levels 4 to 11 Level 4 stairs to The Dungeons of Doom Level 5 Level 6 some shops, a temple to Crom, a magic chest, some fountains Level 7 Level 8 Level 9 Level 10 Level 11 a magic chest, a fountain Sokoban: levels 4 to 7 Level 4 a magic chest Level 5 Level 6 Level 7 a magic chest stairs to The Dungeons of Doom Fort Ludios: Level 1 <- You were here a magic chest, a throne portal to The Dungeons of Doom History has recorded: On T:1 you entered the Dungeons of Doom to retrieve the Amulet of Yendor! On T:422 you reached level 2 of The Dungeons of Doom. On T:587 you advanced to experience level 2. On T:864 you reached level 3 of The Dungeons of Doom. On T:954 you advanced to experience level 3. On T:1258 you reached level 1 of The Gnomish Mines. On T:1296 you advanced to experience level 4. On T:1298 you became pious. On T:1414 you reached level 4 of The Dungeons of Doom. On T:1732 you advanced to experience level 5. On T:2059 you reached level 5 of The Dungeons of Doom. On T:2759 you reached level 6 of The Dungeons of Doom. On T:2824 you reached level 7 of The Dungeons of Doom. On T:3311 you advanced to experience level 6. On T:3466 you advanced to experience level 7. On T:3661 you reached level 8 of The Dungeons of Doom. On T:4013 you reached level 4 of Sokoban. On T:4048 you opened a magic chest. On T:4290 you reached level 3 of Sokoban. On T:4290 you unlocked the elven race by using stairs in Sokoban. On T:4290 you unlocked the race option by using stairs in Sokoban. On T:4290 you unlocked the showrace option by using stairs in Sokoban. On T:4481 you reached level 2 of Sokoban. On T:5134 you advanced to experience level 8. On T:5155 you reached level 1 of Sokoban. On T:6217 you unlocked the Caveman role by digging. On T:6240 you entered the Sokoban zoo. On T:6240 you unlocked the Knight role by completing Sokoban without cheating. On T:6240 you unlocked the horse name option by completing Sokoban without cheating. On T:7506 you reached level 2 of The Gnomish Mines. On T:7631 you reached level 3 of The Gnomish Mines. On T:7631 you entered the Minetown temple On T:7631 you unlocked the Monk role by entering the Minetown temple. On T:7640 you unlocked the Priest role by identifying an item's beatitude on an altar. On T:7906 you prayed to Crom. On T:7909 you unlocked the Healer role by receiving holy water as a result of prayer. On T:8365 you reached level 4 of The Gnomish Mines. On T:8462 you advanced to experience level 9. On T:8675 you reached level 5 of The Gnomish Mines. On T:8710 you reached level 6 of The Gnomish Mines. On T:8885 you reached level 7 of The Gnomish Mines. On T:9087 you reached level 8 of The Gnomish Mines. On T:9087 you reached the bottom of the Mines. On T:9087 you unlocked the dwarven race by reaching the bottom of the Mines. On T:11810 you reached level 9 of The Dungeons of Doom. On T:11818 you advanced to experience level 10. On T:12058 you reached level 10 of The Dungeons of Doom. On T:12220 you reached level 11 of The Dungeons of Doom. On T:12269 you unlocked the Hoplite role by converting an altar's alignment. On T:12269 you unlocked the valkyrie race by converting an altar's alignment. On T:12563 you unlocked the gnomish race by travelling via magic portal. On T:12563 you reached Fort Ludios. On T:13362 you prayed to Crom. On T:13851 you advanced to experience level 11. On T:14568 you advanced to experience level 12. On T:14680 you unlocked the orcish race by entering a throne room. Score breakdown: Gold: 3687 ( 368 points) Experience: 12 levels ( 1100 points) Exploration: 20 levels ( 570 points) Discoveries: 65 items ( 2000 points) Variety of kills: 119 monsters ( 2000 points) Major goal: Sokoban/Mines ( 1500 points) Survival: died (score multiplied by 3) Total score: 22614 Latest messages: You kill the ice troll! You hit the bugbear! Croesus wields a two-handed sword! You hit Croesus! Croesus swings his two-handed sword at you. Croesus slashes you! You hit Croesus! Croesus swings his two-handed sword at you. Croesus slashes you! You hear a crackling sound. The moat is bridged with ice! The blast of frost whizzes by you! The blast of frost bounces! You hit Croesus! (2x) Croesus swings his two-handed sword at you. Croesus slashes you! The blast of frost hits you! But it reflects from your medallion! The blast of frost misses it. Croesus swings his two-handed sword at you. Croesus hacks you! You die... Final status: Goodbye Frag the Barbarian, killed by Croesus... You died in Fort Ludios with 22614 points, and 3687 pieces of gold, after 14692 moves. You were level 12 with a maximum of 131 hit points when you died.